 Dungeon Crawl Stone Soup version 0.20.1-1-g8b1a95d (webtiles) character file.

66 Tahmatassu the Chopper (level 4, -2/41 HPs)
             Began as a Hill Orc Monk on Nov 6, 2017.
             Slain by Sigmund
             ... wielding a +0 scythe
              (3 damage)
             ... on level 3 of the Dungeon.
             The game lasted 00:03:36 (2266 turns).

Tahmatassu the Chopper (Hill Orc Monk)              Turns: 2266, Time: 00:03:37

Health: -2/41      AC:  6    Str: 19    XL:     4   Next: 15%
Magic:  4/4        EV: 16    Int: 10    God:
Gold:   131        SH:  5    Dex: 18    Spells: 3/3 levels left

rFire    . . .     SeeInvis .   a - +0 hand axe
rCold    + . .     Gourm    .   (no shield)
rNeg     . . .     Faith    .   r - +0 scale mail
rPois    .         Spirit   .   (no helmet)
rElec    .         Reflect  +   (no cloak)
rCorr    .         Harm     .   (no gloves)
MR       .....                  (no boots)
Stlth    ++........             o - +5 amulet of reflection
Regen    0.2/turn               u - ring of protection from cold
MPRegen  0.1/turn               (no ring)

@: mighty, agile
A: no striking features
a: no special abilities


You were on level 3 of the Dungeon.
You were not hungry.

You visited 1 branch of the dungeon, and saw 3 of its levels.

You collected 131 gold pieces.

Inventory:

Hand Weapons
 a - a +0 hand axe (weapon)
Armour
 r - a +0 scale mail (worn)
Jewellery
 m - an uncursed ring of ice
 o - a +5 amulet of reflection (around neck)
 u - a ring of protection from cold (left hand)
Scrolls
 d - 6 scrolls of remove curse {unknown}
 e - 3 scrolls of identify {unknown}
 f - a scroll of fear {unknown}
 g - a scroll of teleportation {unknown}
 i - a scroll of noise {unknown}
 j - a scroll of magic mapping {unknown}
 n - a scroll of recharging {unknown}
 p - a scroll of random uselessness {unknown}
 t - a scroll of fog {unknown}
Potions
 s - a potion of cancellation {unknown}
Comestibles
 c - 2 bread rations
 l - 2 meat rations


   Skills:
 + Level 4.4 Fighting
 + Level 4.9 Axes
 + Level 1.8 Armour
 + Level 2.7 Dodging
 - Level 1.5 Stealth


You had 3 spell levels left.
You didn't know any spells.

Dungeon Overview and Level Annotations

Branches:
Dungeon (3/15)

Altars:

Annotations:
D:3 Sigmund


Message History

You hit something. You hit the bush but do no damage.
You hear some strange, mumbled words.
You are confused.
You bump into the rock wall.
You hear some strange, mumbled words.
A magic dart appears from out of thin air!
The magic dart hits you!
* * * LOW HITPOINT WARNING * * *
You hit the bush.
The bush is lightly damaged.
You hit the bush but do no damage. You miss something.
Something closely misses you.
You miss something. You slash the bush! You hit the bush but do no damage.
You slash something! You slash the bush! You hit the bush but do no damage.
Something hits you.
* * * LOW HITPOINT WARNING * * *
You bump into the rock wall.
You feel less confused. Something hits you.
You die... # ##P.P.P.PPP.P #.#.# #.# # #P...P.....P #.#.# #.# # #P.PPPPP.P.P #.#.# #.# # #P.P...P.P.P #.#.####.# # #P.P.P.PPP.P #.#....... #P...P.P...P #.######.# #PPPPP.PPP.P#

#........#
#P.........P#################
#PPP.PPPPPPP@{..........# #
##.........##########.# #
########### #.# # #.# # #.# #
#.##### #...... #######


There were no monsters in sight!

Vanquished Creatures
  An adder (D:3)
  4 dart slugs
  A leopard gecko (D:1)
  2 giant cockroaches (D:2)
  9 goblins
  6 hobgoblins
  A quokka (D:2)
  A ball python (D:1)
  7 bats
  2 frilled lizards (D:1)
  6 kobolds
  7 rats
47 creatures vanquished.

Notes
Turn   | Place    | Note
-------+----------+-------------------------------------------
     0 | D:1      | Tahmatassu the Hill Orc Monk began the quest for the Orb.
     0 | D:1      | Reached XP level 1. HP: 19/19 MP: 1/1
   356 | D:1      | Reached XP level 2. HP: 22/27 MP: 2/2
   764 | D:1      | Reached XP level 3. HP: 32/33 MP: 3/3
  1036 | D:1      | Reached skill level 1 in Armour
  1936 | D:3      | Reached XP level 4. HP: 35/41 MP: 4/4
  2182 | D:3      | Noticed Sigmund
  2265 | D:3      | HP: 1/41 [something (4)]
  2266 | D:3      | Slain by Sigmund

Skill      XL: |  1  2  3 |
---------------+----------+-----
Fighting       | 4 |  4.4
Armour         | 1 |  1.8
Axes           | |  4.9
Dodging        | |  2.7
Stealth        | |  1.5

Action                   |  1- 3 |  4- 6 || total
-------------------------+-------+-------++-------
Melee: Hand axe          |   164 |    19 ||   183
  Use: Potion            |       |     4 ||     4
 Stab: Sleeping          |     3 |       ||     3
  Eat: Chunk             |     3 |     1 ||     4
Armor: Robe              |    15 |       ||    15
       Scale mail        |    24 |     1 ||    25
Dodge: Dodged            |    95 |     3 ||    98
Block: Other             |    21 |     1 ||    22
       Reflection        |     1 |       ||     1
